 Dungeon Crawl Stone Soup version 0.21.1-1-g345015f (webtiles) character file.

651 kae the Insei (level 7, -10/45 HPs)
             Began as an Octopode Transmuter on May 27, 2018.
             Was an Initiate of Cheibriados.
             Mangled by a gnoll
             ... wielding a +0 flail
              (12 damage)
             ... on level 5 of the Dungeon.
             The game lasted 00:05:45 (5146 turns).

kae the Insei (Octopode Transmuter)                 Turns: 5146, Time: 00:05:46

Health: -10/45     AC:  1    Str: 10    XL:     7   Next: 53%
Magic:  7/11       EV: 15    Int: 16    God:    Cheibriados [......]
Gold:   288        SH:  0    Dex: 16    Spells: 6/12 levels left

rFire    . . .     SeeInvis .     - Unarmed
rCold    . . .     Gourm    +   (no shield)
rNeg     . . .     Faith    .   (helmet restricted)
rPois    .         Spirit   .   f - amulet of the gourmand
rElec    .         Reflect  .   (no ring)
rCorr    .         Harm     .   (no ring)
MR       .....                  (no ring)
Stlth    ++........             (no ring)
HPRegen  0.15/turn              (no ring)
MPRegen  0.12/turn              (no ring)
                                (no ring)
                                (no ring)

@: very slightly contaminated, slow
A: almost no armour, stealthy swim, amphibious, 8 rings, constrict 8, camouflage
1, gelatinous body 1
a: Bend Time, Renounce Religion


You were on level 5 of the Dungeon.
You worshipped Cheibriados.
Cheibriados was noncommittal.
You were not hungry.

You visited 2 branches of the dungeon, and saw 6 of its levels.

You collected 288 gold pieces.

Inventory:

Missiles
 a - 99 arrows
Jewellery
 f - an amulet of the gourmand (around mantle)
Scrolls
 g - a scroll of remove curse
 n - 2 scrolls of amnesia
Potions
 d - 3 potions of might
 e - a potion of haste
 h - 3 potions of heal wounds
 i - a potion of magic {unknown}
 j - a potion of flight {unknown}
 l - a potion of brilliance {unknown}
Books
 b - a book of Changes

   Spells                             Type                      Level
   a - Beastly Appendage              Transmutation                1
   b - Sticks to Snakes               Transmutation                2
   c - Spider Form                    Transmutation/Poison         3
   d - Ice Form                       Ice/Transmutation            4
   e - Blade Hands                    Transmutation                5
Comestibles
 c - 12 rations


   Skills:
 + Level 2.6 Fighting
 * Level 4.3 Dodging
 * Level 5.0 Unarmed Combat
 + Level 3.1 Spellcasting
 * Level 4.4 Transmutations


You had 6 spell levels left.
You knew the following spells:

 Your Spells              Type           Power        Failure   Level  Hunger
a - Beastly Appendage     Tmut           ###...       3%          1    None
b - Sticks to Snakes      Tmut           ###.....     4%          2    ##.....
c - Spider Form           Tmut/Pois      #.........   22%         3    ###....


Dungeon Overview and Level Annotations

Branches:
Dungeon (5/15)             Temple (1/1) D:5

Altars:
Ashenzari
Cheibriados
Elyvilon
Fedhas
Hepliaklqana
Kikubaaqudgha
Makhleb
Nemelex Xobeh
Okawaru
Qazlal
Sif Muna
Trog
Vehumet
Wu Jian
Xom
Yredelemnul
Zin
The Shining One


Innate Abilities, Weirdness & Mutations

You cannot wear most types of armour.
You are very stealthy in the water. (Stealth+)
You are amphibious.
You can wear up to eight rings at the same time.
You can use your tentacles to constrict eight enemies at once.
Your skin changes colour to match your surroundings (Stealth+).
Your rubbery body absorbs attacks. (AC +1, EV +1)


Message History

The gnoll sergeant misses you. The gnoll hits you with a flail.
You are too injured to fight recklessly!
You are too injured to fight recklessly!
You are too injured to fight recklessly!
You are too injured to fight recklessly!
You hit the gnoll sergeant but do no damage.
The gnoll sergeant is poisoned.
The gnoll sergeant drinks a potion.
The gnoll sergeant looks more healthy.
You hit the gnoll sergeant.
The gnoll sergeant is moderately wounded.
The gnoll hits you with a flail!
The gnoll sergeant hits you with a spear.
Your transformation has ended.
The gnoll closely misses you.
The gnoll sergeant hits you from afar with a spear.
* * * LOW HITPOINT WARNING * * *
The gnoll sergeant throws a stone.
The stone hits you!
* * * LOW HITPOINT WARNING * * *
The gnoll hits you with a flail!
You die...

... .. #.... #.#.
## #.. .. ####.##.#
#.[g..).# ##
.#####..#.##.# #.
........g..# # #.
###.#.@(#.#.# #.
#..#"#....# ###.
#####...>.....#
#... ......#(#...##
#... ..#..#...#..#
#... . ##........#
#### #...
##.###..(##....
#...
#.###.........#
#...
..###...........#.#
#..)


You could see a gnoll sergeant and a gnoll.

Vanquished Creatures
  3 ogres (D:4)
  A gnoll sergeant (D:5)
  A centaur zombie (D:3)
  2 hounds (D:3)
  3 worker ants (D:4)
  6 gnolls
  5 adders
  A shadow imp (D:5)
  An ooze (D:1)
  2 dart slugs (D:1)
  A leopard gecko (D:2)
  2 orcs (D:4)
  10 bats
  4 giant cockroaches
  2 goblins
  11 hobgoblins
  6 kobolds
  3 ball pythons
  5 frilled lizards
  7 rats
76 creatures vanquished.

Notes
Turn   | Place    | Note
-------+----------+-------------------------------------------
     0 | D:1      | kae the Octopode Transmuter began the quest for the Orb.
     0 | D:1      | Reached XP level 1. HP: 13/13 MP: 3/3
   400 | D:1      | Reached XP level 2. HP: 15/18 MP: 5/5
   600 | D:1      | Learned a level 2 spell: Sticks to Snakes
   990 | D:1      | Reached XP level 3. HP: 22/23 MP: 6/6
  1623 | D:2      | Reached XP level 4. HP: 18/28 MP: 5/7
  1767 | D:2      | Found a blossoming altar of Fedhas.
  1999 | D:3      | Found a stormy altar of Qazlal.
  2089 | D:3      | Found an ornate altar of the Wu Jian Council.
  2092 | D:3      | Found a burning altar of Makhleb.
  2162 | D:3      | Reached XP level 5. HP: 26/33 MP: 8/8
  2257 | D:3      | Found a sparkling altar of Nemelex Xobeh.
  2338 | D:3      | Reached skill level 4 in Unarmed Combat
  2806 | D:4      | Reached XP level 6. HP: 23/39 MP: 7/9
  3067 | D:4      | Learned a level 3 spell: Spider Form
  3604 | D:4      | Reached XP level 7. HP: 2/45 MP: 7/11
  4581 | D:5      | Entered Level 5 of the Dungeon
  4882 | D:5      | Reached skill level 5 in Unarmed Combat
  4939 | D:5      | Found a staircase to the Ecumenical Temple.
  4976 | Temple   | Entered the Ecumenical Temple
  5121 | Temple   | Became a worshipper of Cheibriados the Contemplative
  5146 | D:5      | HP: 2/45 [gnoll sergeant/stone (8)]
  5146 | D:5      | Mangled by a gnoll

Skill      XL: |  1  2  3  4  5  6  7 |
---------------+----------------------+-----
Transmutations | 3 4 |  4.4
Dodging        | 3 4 |  4.3
Unarmed Combat | 4 5 |  5.0
Fighting       | 2 |  2.6
Spellcasting   | 3 |  3.1

Action                   |  1- 3 |  4- 6 |  7- 9 || total
-------------------------+-------+-------+-------++-------
Melee: Unarmed           |    92 |    77 |    43 ||   212
       Constrict         |    25 |    17 |     5 ||    47
       Tentacles         |    12 |    12 |     7 ||    31
       Kick              |     8 |    14 |       ||    22
       Punch             |     1 |     4 |     2 ||     7
 Cast: Beastly Appendage |     9 |     8 |     1 ||    18
       Spider Form       |       |     2 |     5 ||     7
  Use: Scroll            |     1 |     8 |     4 ||    13
       Potion            |       |     1 |       ||     1
 Stab: Sleeping          |     7 |       |       ||     7
       Distracted        |       |       |     1 ||     1
  Eat: Chunk             |     2 |     6 |     7 ||    15
Armor: Skin              |     9 |     3 |     1 ||    13
Dodge: Dodged            |    81 |    54 |    32 ||   167
